TOP OF THE 1ST |
Nashua Redlegs batting - Pitching for Scottsdale Scorpions : LHP Eric Fisher
|
Pitching: LHP Eric Fisher
|
|
Batting: LHB Tim Ramsey
|
0-0: Ball 1-0: Ground out 4-3 (Groundball, 34D)
|
Batting: RHB Eleuterio Supardo
|
0-0: Foul Ball, location: 2F 0-1: Foul Ball, location: 2F 0-2: Ball 1-2: Strikes out swinging
|
Batting: RHB Jason Blair
|
0-0: Ball 1-0: Called Strike 1-1: Foul Ball, location: 2F 1-2: Ball 2-2: Ball 3-2: Fly out, F7 (Line Drive, 7)
|
Top of the 1st over - 0 run(s), 0 hit(s), 0 error(s), 0 left on base; Nashua 0 - Scottsdale 0 |
BOTTOM OF THE 1ST |
Scottsdale Scorpions batting - Pitching for Nashua Redlegs : LHP Raúl Fernández
|
Pitching: LHP Raúl Fernández
|
|
Batting: LHB José Garza
|
0-0: Called Strike 0-1: Ball 1-1: Foul Ball, location: 2F 1-2: Ball 2-2: Ball 3-2: Strikes out swinging
|
Batting: RHB Edgardo Gonzáles
|
0-0: Called Strike 0-1: Called Strike 0-2: Ball 1-2: Ball 2-2: Fly out, F9 (Flyball, 9LMF)
|
Batting: LHB Sergio Fernández
|
0-0: Ball 1-0: Fly out, F8 (Flyball, 8LD)
|
Bottom of the 1st over - 0 run(s), 0 hit(s), 0 error(s), 0 left on base; Nashua 0 - Scottsdale 0 |
TOP OF THE 2ND |
Nashua Redlegs batting - Pitching for Scottsdale Scorpions : LHP Eric Fisher
|
Batting: RHB Gilberto León
|
0-0: Called Strike 0-1: Ground out 6-3 (Groundball, 6M)
|
Batting: RHB Spencer Pritchett
|
0-0: Called Strike 0-1: Called Strike 0-2: Ball 1-2: SINGLE (Groundball, 6MD)
|
Batting: RHB Joe Noble
|
0-0: Ball 1-0: Called Strike 1-1: Called Strike Spencer Pritchett is caught stealing 2nd base 1-2: Ball 2-2: Strikes out swinging
|
Top of the 2nd over - 0 run(s), 1 hit(s), 0 error(s), 0 left on base; Nashua 0 - Scottsdale 0 |
BOTTOM OF THE 2ND |
Scottsdale Scorpions batting - Pitching for Nashua Redlegs : LHP Raúl Fernández
|
Batting: RHB Sergio Domínguez
|
0-0: Ball 1-0: Fly out, F3 (Popup, 3L)
|
Batting: LHB Alberto Roberts
|
0-0: Called Strike 0-1: Ball 1-1: Swinging Strike 1-2: Ball 2-2: Strikes out swinging
|
Batting: RHB Ronald Smith
|
0-0: Called Strike 0-1: Called Strike 0-2: Ball 1-2: Ball 2-2: Ball 3-2: Base on Balls
|
Batting: SHB Arnold Moore
|
0-0: Called Strike 0-1: Ball 1-1: Ball 2-1: SINGLE (Line Drive, 6D) Ronald Smith to second
|
Batting: RHB Jaime Delgado
|
0-0: Called Strike 0-1: Swinging Strike 0-2: Ball 1-2: Foul Ball, location: 2F 1-2: Fielders Choice at 2nd, 5-4 (Groundball, 56)
|
Bottom of the 2nd over - 0 run(s), 1 hit(s), 0 error(s), 1 left on base; Nashua 0 - Scottsdale 0 |
TOP OF THE 3RD |
Nashua Redlegs batting - Pitching for Scottsdale Scorpions : LHP Eric Fisher
|
Batting: RHB António Pérez
|
0-0: Ball 1-0: Ball 2-0: Ball 3-0: Called Strike 3-1: Fly out, F5 (Line Drive, 5S)
|
Batting: RHB Juan Hernández
|
0-0: Ball 1-0: Ball 2-0: DOUBLE (Line Drive, 78M)
|
Batting: RHB Katsuhito Ohayashi
|
0-0: Ball 1-0: Called Strike 1-1: Called Strike 1-2: Ball 2-2: Ground out 6-3 (Groundball, 6)
|
Batting: LHB Tim Ramsey
|
0-0: Called Strike 0-1: Foul Ball, location: 2F 0-2: Foul Ball, location: 2F 0-2: Ball 1-2: Foul Ball, location: 2F 1-2: Foul Ball, location: 2F 1-2: Ball 2-2: Ball 3-2: Foul Ball, location: 2F 3-2: Strikes out swinging
|
Top of the 3rd over - 0 run(s), 1 hit(s), 0 error(s), 1 left on base; Nashua 0 - Scottsdale 0 |
BOTTOM OF THE 3RD |
Scottsdale Scorpions batting - Pitching for Nashua Redlegs : LHP Raúl Fernández
|
Batting: RHB Robinson Fernández
|
0-0: Ball 1-0: Ball 2-0: Called Strike 2-1: Foul Ball, location: 2F 2-2: Foul Ball, location: 2F 2-2: Strikes out swinging
|
Batting: LHB José Garza
|
0-0: Ball 1-0: Fly out, F6 (Popup, 6D)
|
Batting: RHB Edgardo Gonzáles
|
0-0: Ball 1-0: Ball 2-0: Called Strike 2-1: Ball 3-1: Called Strike 3-2: Base on Balls
|
Batting: LHB Sergio Fernández
|
0-0: Swinging Strike 0-1: Ball 1-1: Ball 2-1: Ball 3-1: Base on Balls Edgardo Gonzáles to second
|
Batting: RHB Sergio Domínguez
|
0-0: Ball 1-0: Foul Ball, location: 2F 1-1: Ball 2-1: Fly out, F9 (Flyball, 89M)
|
Bottom of the 3rd over - 0 run(s), 0 hit(s), 0 error(s), 2 left on base; Nashua 0 - Scottsdale 0 |
TOP OF THE 4TH |
Nashua Redlegs batting - Pitching for Scottsdale Scorpions : LHP Eric Fisher
|
Batting: RHB Eleuterio Supardo
|
0-0: Ball 1-0: Called Strike 1-1: Swinging Strike 1-2: Strikes out swinging
|
Batting: RHB Jason Blair
|
0-0: Foul Ball, location: 2F 0-1: Ball 1-1: Swinging Strike 1-2: Strikes out swinging
|
Batting: RHB Gilberto León
|
0-0: Ball 1-0: Called Strike 1-1: SINGLE (Line Drive, 3S)
|
Batting: RHB Spencer Pritchett
|
0-0: Ball 1-0: Ball 2-0: Fly out, F7 (Flyball, 7)
|
Top of the 4th over - 0 run(s), 1 hit(s), 0 error(s), 1 left on base; Nashua 0 - Scottsdale 0 |
BOTTOM OF THE 4TH |
Scottsdale Scorpions batting - Pitching for Nashua Redlegs : LHP Raúl Fernández
|
Batting: LHB Alberto Roberts
|
0-0: Ball 1-0: Called Strike 1-1: Ball 2-1: Foul Ball, location: 2F 2-2: Ground out 6-3 (Groundball, 6S)
|
Batting: RHB Ronald Smith
|
0-0: Called Strike 0-1: SINGLE (Line Drive, 89S)
|
Batting: SHB Arnold Moore
|
0-0: SINGLE (Groundball, 25) (infield hit) Ronald Smith to second
|
Batting: RHB Jaime Delgado
|
0-0: Called Strike 0-1: Ground out 4-3 (Groundball, 4M) Ronald Smith to third Arnold Moore to second
|
Batting: RHB Robinson Fernández
|
0-0: Called Strike 0-1: SINGLE (Groundball, 6MD) Ronald Smith scores Arnold Moore to third Runner from 3rd tries for Home, SAFE, no throw
|
Batting: LHB José Garza
|
0-0: Ball 1-0: Ball 2-0: Called Strike 2-1: SINGLE (Line Drive, 3L) Robinson Fernández to second
|
Batting: RHB Edgardo Gonzáles
|
0-0: Swinging Strike 0-1: Swinging Strike 0-2: Ball 1-2: Ball 2-2: Ball 3-2: Base on Balls Robinson Fernández to third José Garza to second
|
Batting: LHB Sergio Fernández
|
0-0: Ball 1-0: SINGLE (Line Drive, 8LS) Robinson Fernández scores José Garza to third Edgardo Gonzáles to second Runner from 3rd tries for Home, SAFE, no throw
|
Batting: RHB Sergio Domínguez
|
0-0: Ball 1-0: Called Strike 1-1: Foul Ball, location: 2F 1-2: Strikes out swinging
|
Bottom of the 4th over - 4 run(s), 5 hit(s), 0 error(s), 2 left on base; Nashua 0 - Scottsdale 4 |
TOP OF THE 5TH |
Nashua Redlegs batting - Pitching for Scottsdale Scorpions : LHP Eric Fisher
|
Batting: RHB Joe Noble
|
0-0: Called Strike 0-1: Ground out 5-3 (Groundball, 56)
|
Batting: RHB António Pérez
|
0-0: Called Strike 0-1: Ball 1-1: Ball 2-1: Ball 3-1: Base on Balls
|
Batting: RHB Juan Hernández
|
0-0: Swinging Strike 0-1: Ball 1-1: Called Strike 1-2: Foul Ball, location: 2F 1-2: Strikes out swinging
|
Batting: RHB Katsuhito Ohayashi
|
0-0: Called Strike 0-1: Swinging Strike 0-2: Ball 1-2: Ball 2-2: Ball 3-2: Strikes out looking
|
Top of the 5th over - 0 run(s), 0 hit(s), 0 error(s), 1 left on base; Nashua 0 - Scottsdale 4 |
BOTTOM OF THE 5TH |
Scottsdale Scorpions batting - Pitching for Nashua Redlegs : LHP Raúl Fernández
|
Pitching: LHP Shannon Thomas
|
|
Batting: LHB Alberto Roberts
|
0-0: Ball 1-0: Foul Ball, location: 2F 1-1: Ball 2-1: Ball 3-1: Foul Ball, location: 2F 3-2: Base on Balls
|
Batting: RHB Ronald Smith
|
0-0: Ball 1-0: Ball 2-0: Ball 3-0: Called Strike 3-1: Fly out, F8 (Line Drive, 78M)
|
Now in CF: Ryan Holcomb
|
|
Batting: SHB Arnold Moore
|
0-0: Ball 1-0: Ball 2-0: Ball 3-0: Base on Balls Alberto Roberts to second
|
Batting: RHB Jaime Delgado
|
0-0: Ball 1-0: Foul Ball, location: 2F 1-1: SINGLE (Groundball, 34D) Alberto Roberts to third Arnold Moore to second Runner from 3rd tries for Home, SAFE, throw made home Arnold Moore to third Jaime Delgado to second
|
Batting: RHB Robinson Fernández
|
0-0: Foul Ball, location: 2F 0-1: SINGLE (Groundball, 56D) Arnold Moore scores Jaime Delgado to third Runner from 3rd tries for Home, SAFE, no throw
|
Batting: LHB José Garza
|
0-0: Called Strike 0-1: Fielders Choice at 2nd, 6-4 (Groundball, 6M)
|
Batting: RHB Edgardo Gonzáles
|
0-0: Ball 1-0: TRIPLE (Flyball, 8LD) José Garza scores
|
Pitching: RHP Guillermo Hernández
|
|
Batting: LHB Sergio Fernández
|
0-0: Ball 1-0: Called Strike 1-1: Ball 2-1: Swinging Strike 2-2: Ground out U3 (Groundball, 3)
|
Bottom of the 5th over - 4 run(s), 3 hit(s), 0 error(s), 1 left on base; Nashua 0 - Scottsdale 8 |
TOP OF THE 6TH |
Nashua Redlegs batting - Pitching for Scottsdale Scorpions : LHP Eric Fisher
|
Batting: SHB Ryan Holcomb
|
0-0: Called Strike 0-1: Ball 1-1: SINGLE (Flyball, 9LS)
|
Batting: RHB Eleuterio Supardo
|
0-0: SINGLE (Line Drive, 3D) Ryan Holcomb to second
|
Batting: RHB Jason Blair
|
0-0: Ball 1-0: Ball 2-0: Swinging Strike 2-1: Fly out, F8 (Flyball, 89D) Runner from 2nd tags up, SAFE at 3rd, no throw
|
Pitching: RHP Julian Corbitt
|
|
Batting: RHB Gilberto León
|
0-0: Called Strike 0-1: Ball 1-1: Ball 2-1: Foul Ball, location: 2F 2-2: Ball 3-2: DOUBLE (Line Drive, 8RD) Ryan Holcomb scores Eleuterio Supardo to third Eleuterio Supardo scores
|
Batting: RHB Spencer Pritchett
|
0-0: Ball 1-0: Called Strike 1-1: Ground out 4-3 (Groundball, 4M) Gilberto León to third
|
Batting: RHB Joe Noble
|
0-0: Foul Ball, location: 2F 0-1: Called Strike 0-2: Ball Wild Pitch! Gilberto León scores 1-2: DOUBLE (Line Drive, 89M)
|
Batting: RHB António Pérez
|
0-0: Ball 1-0: Called Strike 1-1: Called Strike 1-2: Ground out 6-3 (Groundball, 6)
|
Top of the 6th over - 3 run(s), 4 hit(s), 0 error(s), 1 left on base; Nashua 3 - Scottsdale 8 |
BOTTOM OF THE 6TH |
Scottsdale Scorpions batting - Pitching for Nashua Redlegs : RHP Guillermo Hernández
|
Batting: RHB Sergio Domínguez
|
0-0: SINGLE (Line Drive, 34D)
|
Batting: LHB Alberto Roberts
|
0-0: Ball 1-0: Fly out, F8 (Flyball, 8LS)
|
Batting: RHB Ronald Smith
|
0-0: Ball 1-0: Called Strike 1-1: Fly out, F8 (Flyball, 89S)
|
Batting: SHB Arnold Moore
|
0-0: Called Strike 0-1: Ball 1-1: Called Strike 1-2: Strikes out swinging
|
Bottom of the 6th over - 0 run(s), 1 hit(s), 0 error(s), 1 left on base; Nashua 3 - Scottsdale 8 |
TOP OF THE 7TH |
Nashua Redlegs batting - Pitching for Scottsdale Scorpions : RHP Julian Corbitt
|
Batting: RHB Juan Hernández
|
0-0: Fly out, F7 (Flyball, 7S)
|
Batting: RHB Katsuhito Ohayashi
|
0-0: SINGLE (Groundball, 56D)
|
Batting: SHB Ryan Holcomb
|
0-0: Called Strike 0-1: Ball 1-1: Foul Ball, location: 2F 1-2: Ball 2-2: Ball 3-2: Base on Balls Katsuhito Ohayashi to second
|
Batting: RHB Eleuterio Supardo
|
0-0: Hit by Pitch Katsuhito Ohayashi to third Ryan Holcomb to second
|
Batting: RHB Jason Blair
|
0-0: Fly out, F7 (Flyball, 7) Runner from 3rd tags up, SCORES, throw made
|
Batting: RHB Gilberto León
|
0-0: Called Strike 0-1: Ball 1-1: Foul Ball, location: 2F 1-2: Foul Ball, location: 2F 1-2: Foul Ball, location: 2F 1-2: Ball 2-2: Hit by Pitch Ryan Holcomb to third Eleuterio Supardo to second
|
Batting: RHB Spencer Pritchett
|
0-0: Foul Ball, location: 2F 0-1: Ball 1-1: Called Strike 1-2: Hit by Pitch Ryan Holcomb scores Eleuterio Supardo to third Gilberto León to second
|
Pitching: RHP Billy O'Neal
|
|
Pinch Hitting: RHB José Méndez
|
0-0: Swinging Strike 0-1: Called Strike 0-2: GRAND SLAM HOME RUN (Flyball, 7LD), Distance : 324 ft
|
Batting: RHB António Pérez
|
0-0: Called Strike 0-1: Ball 1-1: Swinging Strike 1-2: Strikes out looking
|
Top of the 7th over - 6 run(s), 2 hit(s), 0 error(s), 0 left on base; Nashua 9 - Scottsdale 8 |
BOTTOM OF THE 7TH |
Scottsdale Scorpions batting - Pitching for Nashua Redlegs : RHP Guillermo Hernández
|
Now at 1B: Alan Evans
|
|
Batting: RHB Jaime Delgado
|
0-0: Ball 1-0: Ball 2-0: Swinging Strike 2-1: SINGLE (Groundball, 6M) (infield hit)
|
Pinch Hitting: LHB Manny Vigil
|
0-0: Called Strike Jaime Delgado steals 2nd base 0-1: Ground out 4-3 (Groundball, 34) Jaime Delgado to third
|
Batting: LHB José Garza
|
0-0: Ball 1-0: Swinging Strike 1-1: Foul Ball, location: 2F 1-2: Ball 2-2: Ball 3-2: Base on Balls
|
Batting: RHB Edgardo Gonzáles
|
0-0: Ball 1-0: Grounds into double play, 4-6-3 (Groundball, 4)
|
Bottom of the 7th over - 0 run(s), 1 hit(s), 0 error(s), 1 left on base; Nashua 9 - Scottsdale 8 |
TOP OF THE 8TH |
Nashua Redlegs batting - Pitching for Scottsdale Scorpions : RHP Billy O'Neal
|
Now at 2B: Lúcio Ramírez
|
|
Batting: RHB Juan Hernández
|
0-0: SINGLE (Groundball, 34D)
|
Batting: RHB Katsuhito Ohayashi
|
0-0: Bunted foul 0-1: Sac Bunt - play at first, batter OUT! 5-4 Juan Hernández to second
|
Pinch Hitting: RHB Currito Campos
|
0-0: Ball 1-0: Ball 2-0: Ball 3-0: Base on Balls
|
Pinch Runner at 2nd José Hernández:
|
|
Batting: RHB Eleuterio Supardo
|
0-0: Called Strike José Hernández steals 3rd base Currito Campos to second 0-1: Fly out, F8 (Flyball, 8RS)
|
Batting: RHB Jason Blair
|
0-0: Foul Ball, location: 2F 0-1: Foul Ball, location: 2F 0-2: Ball 1-2: Hit by Pitch
|
Batting: RHB Gilberto León
|
0-0: SINGLE (Line Drive, 34D) José Hernández scores Currito Campos to third Jason Blair to second Runner from 3rd tries for Home, SAFE, throw made home Jason Blair to third Gilberto León to second
|
Pitching: RHP John Field
|
|
Batting: RHB Spencer Pritchett
|
0-0: Ball 1-0: Ball 2-0: Ball 3-0: Ground out 5-3 (Groundball, 5L)
|
Top of the 8th over - 2 run(s), 2 hit(s), 0 error(s), 2 left on base; Nashua 11 - Scottsdale 8 |
BOTTOM OF THE 8TH |
Scottsdale Scorpions batting - Pitching for Nashua Redlegs : RHP Guillermo Hernández
|
Now at 3B: José Zumaya
|
|
Now in CF: José Hernández
|
|
Batting: LHB Sergio Fernández
|
0-0: Ball 1-0: Foul Ball, location: 2F 1-1: Ball 2-1: Foul Ball, location: 2F 2-2: Ball 3-2: Foul Ball, location: 2F 3-2: Base on Balls
|
Batting: RHB Sergio Domínguez
|
0-0: Called Strike 0-1: Called Strike 0-2: Ball 1-2: Foul Ball, location: 2F 1-2: Ball 2-2: Ball 3-2: Foul Ball, location: 2F 3-2: Base on Balls Sergio Fernández to second
|
Pitching: LHP Salvatorio Navegero
|
|
Batting: LHB Alberto Roberts
|
0-0: Ball 1-0: Fly out, F7 (Flyball, 7)
|
Pitching: RHP Miguel Rodríguez
|
|
Batting: RHB Ronald Smith
|
0-0: Ground out 5-3 (Groundball, 56S) Sergio Fernández to third Sergio Domínguez to second
|
Pitching: LHP Jorge Melgaza
|
|
Batting: SHB Arnold Moore
|
0-0: Swinging Strike 0-1: Ground out 4-3 (Groundball, 4)
|
Bottom of the 8th over - 0 run(s), 0 hit(s), 0 error(s), 2 left on base; Nashua 11 - Scottsdale 8 |
TOP OF THE 9TH |
Nashua Redlegs batting - Pitching for Scottsdale Scorpions : RHP John Field
|
Pitching: RHP Jesús Ramírez
|
|
Batting: RHB Alan Evans
|
0-0: Called Strike 0-1: Ball 1-1: Swinging Strike 1-2: Strikes out swinging
|
Batting: RHB António Pérez
|
0-0: Swinging Strike 0-1: Ball 1-1: Ground out 6-3 (Groundball, 6)
|
Batting: SHB José Hernández
|
0-0: Called Strike 0-1: Swinging Strike 0-2: Ball 1-2: Ground out U3 (Groundball, 3L)
|
Top of the 9th over - 0 run(s), 0 hit(s), 0 error(s), 0 left on base; Nashua 11 - Scottsdale 8 |
BOTTOM OF THE 9TH |
Scottsdale Scorpions batting - Pitching for Nashua Redlegs : LHP Jorge Melgaza
|
Pitching: RHP Samuel Farrell
|
|
Batting: RHB Jaime Delgado
|
0-0: SINGLE (Flyball, 7LM)
|
Batting: RHB Lúcio Ramírez
|
0-0: Ball 1-0: Foul Ball, location: 2F 1-1: Swinging Strike 1-2: Foul Ball, location: 2F 1-2: Ball 2-2: Foul Ball, location: 2F 2-2: Ball 3-2: Fielders Choice at 2nd, 3-6 (Groundball, 34)
|
Batting: LHB José Garza
|
0-0: Ball 1-0: Called Strike 1-1: Ball 2-1: Foul Ball, location: 2F 2-2: Ball 3-2: Strikes out looking
|
Batting: RHB Edgardo Gonzáles
|
0-0: Ball 1-0: Fly out, F8 (Flyball, 8RM)
|
Bottom of the 9th over - 0 run(s), 1 hit(s), 0 error(s), 1 left on base; Nashua 11 - Scottsdale 8 |
|